 Dungeon Crawl Stone Soup version 0.17-a0-2208-ge5ab1d3 (webtiles) character file.

39 kae the Insei (level 3, -6/23 HPs)
             Began as an Octopode Transmuter on Oct 26, 2015.
             Mangled by Sigmund
             ... wielding a +0 scythe
              (15 damage)
             ... on level 2 of the Dungeon.
             The game lasted 00:01:43 (1420 turns).

kae the Insei (Octopode Transmuter)                 Turns: 1420, Time: 00:01:44

Health: -6/23      AC:  1    Str:  9    XL:     3   Next: 45%
Magic:  5/6        EV: 18    Int: 15    God:
Gold:   65         SH:  0    Dex: 18    Spells: 3 memorised, 0 levels left

rFire  . . .     SeeInvis .       - Unarmed
rCold  . . .     Clarity  .     (no shield)
rNeg   . . .     SustAt   .     (helmet restricted)
rPois  .         Gourm    .     (no amulet)
rElec  .         Spirit   .     (no ring)
rCorr  .         Warding  .     (no ring)
rMut   .         Stasis   .     (no ring)
MR     .....                    (no ring)
Stlth  +++.......               (no ring)
                                (no ring)
                                (no ring)
                                (no ring)

@: confused, agile, very slightly contaminated, hasted, very quick, not
resistant to hostile enchantments, fairly stealthy
A: almost no armour, amphibious, 8 rings, constrict 8, camouflage 1, gelatinous
body 1
a: no special abilities


You were on level 2 of the Dungeon.
You were hungry.

You visited 1 branch of the dungeon, and saw 2 of its levels.

You collected 65 gold pieces.

Inventory:

Missiles
 a - 10 arrows
Potions
 d - 2 potions of flight
 e - 2 potions of brilliance
Books
 b - a book of Changes

   Spells                             Type                      Level
   a - Beastly Appendage              Transmutation                1
   b - Sticks to Snakes               Transmutation                2
   c - Spider Form                    Transmutation/Poison         3
   d - Ice Form                       Ice/Transmutation            4
   e - Blade Hands                    Transmutation                5
Comestibles
 c - a bread ration
 g - 2 meat rations


   Skills:
 - Level 1.0 Fighting
 - Level 2.0 Dodging
 + Level 4.4 Unarmed Combat
 - Level 2.0 Spellcasting
 - Level 2.0 Transmutations


You couldn't memorise any spells.
You knew the following spells:

 Your Spells              Type           Power        Failure   Level  Hunger
a - Beastly Appendage     Trmt           #.....       12%         1    #......
b - Sticks to Snakes      Trmt           #.........   14%         2    ###....
c - Spider Form           Trmt/Pois      #.........   43%         3    ###....


Dungeon Overview and Level Annotations

Branches:
Dungeon (2/15)

Altars:

Annotations:
D:2 Sigmund


Innate Abilities, Weirdness & Mutations

You cannot wear most types of armour.
You are amphibious.
You can wear up to eight rings at the same time.
You can use your tentacles to constrict eight enemies at once.
Your skin changes colour to match your surroundings (Stealth).
Your rubbery body absorbs attacks (AC +1).


Message History

The magic dart hits your ball python.
Your ball python dies!
A magic dart appears from out of thin air!
The magic dart hits you!
You are confused.
You bump into the rock wall.
You're too confused to cast spells.
Drink which item? (? for menu, Esc to quit)
Okay, then.
You're too confused!
Drink which item? (? for menu, Esc to quit)
It was a potion of haste.
You feel yourself speed up.
You are very lightly contaminated with residual magic.
Drink which item? (? for menu, Esc to quit)
You feel agile all of a sudden.
You bump into the rock wall.
You're too confused to move!
You bump into the rock wall.
Something hits you!
Ouch! That really hurt!
You die...

#...# #...# #...# #...#
####### #...#######
####.....######...#.....# ..
+..'...(......[...#.....#
....####.....######.#.#.....#
.....)..........@.....'...>.#
....####......#######.#...(.#
.. #......# #.#.....##
#......# #........# #.....##
########.# #.....# #.#
##+#### #.# #.# #.#


There were no monsters in sight!

Vanquished Creatures
  A gnoll (D:1)
  A worm (D:2)
  2 goblins (D:1)
  6 hobgoblins (D:1)
  2 jackals (D:1)
  2 kobolds (D:1)
  A quokka (D:2)
  4 bats (D:1)
  A giant cockroach (D:1)
  A giant gecko (D:1)
  3 rats
24 creatures vanquished.

Vanquished Creatures (collateral kills)
  A goblin (D:2)
  A giant newt (D:2)
2 creatures vanquished.

Grand Total: 26 creatures vanquished

Notes
Turn   | Place    | Note
--------------------------------------------------------------
     0 | D:1      | kae the Octopode Transmuter began the quest for the Orb.
     0 | D:1      | Reached XP level 1. HP: 13/13 MP: 3/3
   214 | D:1      | Reached XP level 2. HP: 12/18 MP: 5/5
   944 | D:1      | Reached skill level 4 in Unarmed Combat
   944 | D:1      | Reached XP level 3. HP: 23/23 MP: 4/6
  1358 | D:2      | Learned a level 2 spell: Sticks to Snakes
  1362 | D:2      | Learned a level 3 spell: Spider Form
  1398 | D:2      | Noticed Sigmund
  1420 | D:2      | Mangled by Sigmund

Vault maps used:
D:1:      dpeg_arrival_tiny_e
D:2:      uniq_natasha, uniq_sigmund, uniq_iyjb

Action                   || total
-------------------------++-------
Melee: Unarmed           ||    59
 Cast: Beastly Appendage ||     3
       Sticks to Snakes  ||     2
  Use: Scroll            ||     8
       Potion            ||     2
 Stab: Sleeping          ||     4
  Eat: Chunk             ||     1
